 Dungeon Crawl Stone Soup version 0.29.0-10-g45618ea6d2 (webtiles) character file.

Game seed: 8783214878561195101

23 Kahsius the Insei (level 2, 21/21 HPs)
             Began as a Demonspawn Transmuter on Sept 1, 2022.
             Quit the game on level 1 of the Dungeon.
             The game lasted 00:02:05 (594 turns).

Kahsius the Insei (Demonspawn Transmuter)            Turns: 594, Time: 00:02:06

Health: 21/21      AC:  8    Str: 10    XL:     2   Next: 72%
Magic:  5/5        EV: 10    Int: 14    God:
Gold:   43         SH:  0    Dex: 13    Spells: 4/5 levels left

rFire   . . .      SeeInvis .     - Unarmed
rCold   . . .      Faith    .   (no shield)
rNeg    . . .      Spirit   .   k - +0 ring mail
rPois   .          Reflect  .   (no helmet)
rElec   .          Harm     .   (no cloak)
rCorr   .          Rampage  .   j - +0 pair of gloves
Will    .....                   (no boots)
Stlth   +.........              (no amulet)
HPRegen 0.07/turn               (no ring)
MPRegen 0.09/turn               (no ring)

@: no status effects
A: molten scales 1
a: no special abilities


You were on level 1 of the Dungeon.
You visited 1 branch of the dungeon, and saw 1 of its levels.

You collected 43 gold pieces.

Inventory:

Armour
 a - a +0 robe
 j - a +0 pair of gloves (worn)
 k - a +0 ring mail (worn)
Scrolls
 c - 2 scrolls of identify {unknown}
 e - a scroll of torment {unknown}
 g - a scroll of vulnerability {unknown}
 h - a scroll of amnesia {unknown}
 i - a scroll of enchant weapon {unknown}
Potions
 b - a potion of lignification
 d - 2 potions of heal wounds {unknown}
 f - a potion of berserk rage {unknown}


   Skills:
 + Level 1.4 Fighting
 + Level 2.0 Dodging
 + Level 2.9 Unarmed Combat
 + Level 2.2 Spellcasting
 + Level 2.1 Transmutations


You had 4 spell levels left.
You knew the following spells:

 Your Spells              Type           Power      Damage    Failure   Level
a - Beastly Appendage     Tmut           14%        N/A       26%         1

Your spell library contained the following spells:

 Spells                   Type           Power      Damage    Failure   Level
 Wereblood                Tmut           7%         N/A       36%         2
 Sublimation of Blood     Necr           1%         N/A       67%         2
 Spider Form              Tmut/Pois      4%         N/A       75%         3
 Ice Form                 Ice/Tmut       4%         N/A       98%         4
 Summon Hydra             Summ           0%         N/A       100%        7


Dungeon Overview and Level Annotations

Branches:
Dungeon (1/15)

Altars:


Innate Abilities, Weirdness & Mutations

You are partially covered in molten scales. (AC +2)


Message History

Your horns disappear.
Your talons disappear.
h - a scroll labelled YKIULO TUQELO You see here a +0 ring mail.
Things that are here:
a +0 club; a +0 club
Things that are here:
a +0 club; 2 stones
i - a scroll labelled HUEBLU AFOIV A ball python comes into view.
A ball python is nearby!
You miscast Beastly Appendage.
You are very lightly contaminated with residual magic.
Nothing appears to happen.
The ball python hisses angrily.
The ball python barely misses you. The ball python grabs you.
The ball python constricts you.
You hit the ball python.
The ball python is moderately wounded.
The ball python closely misses you. The ball python constricts you.
You hit the ball python.
You kill the ball python!
Your magical contamination has completely faded away.
Done exploring.
Done exploring.
Done exploring.
Search for what [? for help]? armor You see here a +0 pair of gloves.
You start putting on your armour.
You continue putting on your +0 pair of gloves. x4
You finish putting on your +0 pair of gloves.
Search for what [Enter for "armor", or ? for help]? armor You see here a +0 ring mail.
Done exploring.
Okay, then.
You start removing your armour.
You continue taking off your +0 robe. x4
You finish taking off your +0 robe.
You start putting on your armour.
You continue putting on your +0 ring mail. x5
You finish putting on your +0 ring mail.
Are you sure you want to abandon this character and quit the game? (Confirm with "yes".)

##.............####.####.#.# #...
..#........)..##....# ##.#.####..
.................#### #..#..###..
............##.....####.##.......
............##..##...÷..#...#....
............##..######...........
......^...####...######.)........
..........# #.#.................
.........## ##.#@...###.....†....
).......## ##....................
####..######.....................
#.............................
###.####......................
#..# #.........#......#.....
##.###.........#...####.#...
##### #...........÷...#......##..
....# ######........####.....##..


There were no monsters in sight!

Vanquished Creatures
  A dart slug (D:1)
  A bat (D:1)
  2 endoplasms (D:1)
  3 goblins (D:1)
  A hobgoblin (D:1)
  3 kobolds (D:1)
  A quokka (D:1)
  6 ball pythons (D:1)
  A rat (D:1)
19 creatures vanquished.

Notes
Turn   | Place    | Note
-------+----------+-------------------------------------------
     0 | D:1      | Kahsius the Demonspawn Transmuter began the quest for the
                  | Orb.
     0 | D:1      | Reached XP level 1. HP: 15/15 MP: 3/3
   118 | D:1      | Gained mutation: You are partially covered in molten
                  | scales. (AC +2) [demonic ancestry]
   118 | D:1      | Reached XP level 2. HP: 17/21 MP: 3/5
   594 | D:1      | Quit the game

Illustrated notes

Levels and vault maps discovered:
D:1:      evilmike_arrival_hilbert_curve, layout_rooms

Skill      XL: |  1  2 |
---------------+-------+-----
Transmutations | 2 |  2.1
Dodging        | 2 |  2.0
Fighting       | |  1.4
Unarmed Combat | |  2.9
Spellcasting   | |  2.2

Action                   || total
-------------------------++-------
Melee: Unarmed           ||    36
       Kick              ||     8
       Headbutt          ||     6
 Cast: Beastly Appendage ||     9
Armor: Robe              ||    15
Dodge: Dodged            ||    22
